 Dungeon Crawl Stone Soup version 0.19-a0-1720-gc855d72 (webtiles) character file.

15082 4thArraOfDagon the Arsonist (level 11, -5/59 HPs)
             Began as a Deep Elf Fire Elementalist on Sept 27, 2016.
             Was an Elder of Vehumet.
             Slain by an orc warrior
             ... wielding a +0 flail
              (17 damage)
             ... on level 2 of the Orcish Mines on Sept 29, 2016.
             The game lasted 00:31:46 (4126 turns).

4thArraOfDagon the Arsonist (DEFE)                  Turns: 4126, Time: 00:31:47

Health: -5/59      AC:  7    Str:  7    XL:     11   Next: 97%
Magic:  13/52      EV: 12    Int: 24    God:    Vehumet [****..]
Gold:   758        SH:  4    Dex: 15    Spells: 5 memorised, 17 levels left

rFire  + . .     SeeInvis .     e - staff of power {!a}
rCold  + . .     Gourm    .     k - +0 robe {rF+}
rNeg   . . .     Faith    .     (no shield)
rPois  .         Spirit   .     (no helmet)
rElec  .         Dismiss  .     f - +1 cloak
rCorr  .         Reflect  .     (no gloves)
MR     +++..     Harm     .     (no boots)
Stlth  ++........               (no amulet)
                                H - ring of the Exiled Deaths {rC+ MR+ Str+2}
                                D - ring of magical power

@: drained
A: iridescent scales 1, large bone plates 1, magic resistance 1, robust 1, no
device heal 1
a: Renounce Religion


You were on level 2 of the Orcish Mines.
You worshipped Vehumet.
Vehumet was greatly pleased with you.
You were not hungry.

You visited 2 branches of the dungeon, and saw 16 of its levels.

You collected 790 gold pieces.
You spent 32 gold pieces at shops.

Inventory:

Armour
 a - a +0 robe
 f - a +1 cloak (worn)
 k - a +0 robe of fire resistance (worn)
Magical Staves
 e - an uncursed staff of power (weapon) {!a}
Jewellery
 D - a ring of magical power (left hand)
 H - the ring of the Exiled Deaths (right hand) {rC+ MR+ Str+2}
   (You found it on level 10 of the Dungeon)

   [ring of strength]

   It affects your strength (+2).
   It protects you from cold.
   It affects your resistance to hostile enchantments.
Wands
 d - a wand of iceblast (9/15)
 o - a wand of digging (11/24)
 s - a wand of lightning (1/15)
 t - a wand of lightning (0/15)
 u - a wand of polymorph (12/24)
 G - a wand of acid (5/15)
 I - a wand of flame (21/48)
 J - a wand of lightning (6/15)
Scrolls
 g - a scroll of remove curse {unknown}
 n - 4 scrolls of fog
 v - a scroll of immolation {unknown}
 w - a scroll of brand weapon {unknown}
 x - a scroll of blinking {unknown}
 E - a scroll of teleportation
Potions
 h - a potion of curing
 j - a potion of invisibility {unknown}
 m - 3 potions of lignification
 p - a potion of flight {unknown}
 q - a potion of haste
 r - a potion of berserk rage {unknown}
 z - a potion of heal wounds {unknown}
 A - a potion of magic {unknown}
 B - 2 potions of might {unknown}
 F - a potion of resistance {unknown}
Books
 b - a book of Flames

   Spells                             Type                      Level
   a - Flame Tongue                   Conjuration/Fire             1
   b - Throw Flame                    Conjuration/Fire             2
   c - Conjure Flame                  Conjuration/Fire             3
   d - Inner Flame                    Hexes/Fire                   3
   e - Sticky Flame                   Conjuration/Fire             4
   f - Fireball                       Conjuration/Fire             5
Comestibles
 c - 3 bread rations
 i - 3 meat rations
 l - 5 chunks of flesh


   Skills:
 - Level 2.4(2.0) Dodging
 - Level 2.4(2.0) Stealth
 + Level 11.6(11.1) Spellcasting
 * Level 13.2(12.7) Conjurations
 * Level 13.4(12.9) Fire Magic


You had 17 spell levels left.
You knew the following spells:

 Your Spells              Type           Power        Failure   Level  Hunger
a - Flame Tongue          Conj/Fire      #####        1%          1    None
b - Conjure Flame         Conj/Fire      ######..     1%          3    None
c - Stone Arrow           Conj/Erth      #####.       1%          3    None
d - Sticky Flame          Conj/Fire      ######..     1%          4    None
e - Fireball              Conj/Fire      ######....   1%          5    ####...


Dungeon Overview and Level Annotations

Branches:
Dungeon (14/15)              Lair (0/6) D:10            Orc (2/2) D:11
    Elf (0/3) Orc:2
 Temple: D:4-7       Vaults: D:13-14

Altars:
Ashenzari
Elyvilon
Gozag
Nemelex Xobeh
Vehumet
Beogh

Shops:
Orc:2 (?%

Annotations:
D:2 Jessica, Robin
D:4 Grinder
D:5 Sigmund
D:10 exclusion: upstairs
Orc:2 exclusion: upstairs


Innate Abilities, Weirdness & Mutations

You are partially covered in iridescent scales. (AC +2)
You are partially covered in large bone plates. (SH +4)
You are resistant to hostile enchantments. (MR+)
You are robust. (+10% HP)
Potions and wands are less effective at restoring your health.


Message History

Casting: Fireball
Confirm with . or Enter, or press ? or * to list all spells.
Aiming: Fireball
Press: ? - help, Shift-Dir - straight line, f/p - orc warrior
Aim: an orc warrior, wielding a flail and wearing a plate armour (heavily wounded)
The fireball explodes!
The fireball engulfs the orc warrior.
The orc warrior is almost dead.
You hear a shout! x2
Unknown command.
Unknown command.
Casting: Fireball
Confirm with . or Enter, or press ? or * to list all spells.
Aiming: Sticky Flame
Press: ? - help, Shift-Dir - straight line, f/p - orc warrior
Aim: an orc warrior, wielding a flail and wearing a plate armour (almost dead)
The sticky flame hits the orc warrior.
The orc warrior is almost dead.
The orc warrior is covered in liquid flames!
The orc warrior burns!
The orc warrior hits you with a flail!
You die...

....)...........###∩.∩###.
......##.......###.....###.
#.............###((#.#..###
##.......)...###(.(......#
##.##.#....###)))#)#.#...#
#...####).###())..).......
##.####).###.[#.#.....#.#.
####...###.)##....#....#
##....###).###@..###...#
#...)###..###.o.## #...#
##...)##..###...## #...
#......[)###.).## #..
#......[###...##
##.##..###.#)## ##
#####...## ##.#.# ## ..#


You could see an orc warrior (burning).

Vanquished Creatures
  Erolcha (D:9)
  Erica (D:11)
  A death knight (D:13)
  An orc high priest (Orc:2)
  A soul eater (Orc:2)
  An unseen horror (D:8)
  3 orc knights (Orc:2)
  A hill giant (D:9)
  An orc sorcerer (Orc:2)
  A centaur zombie (D:10)
  A rust devil (Orc:2)
  An orange demon (Orc:2)
  A hellwing (Orc:2)
  2 tengu conjurers (D:14)
  A troll (D:11)
  A two-headed ogre (D:10)
  2 hippogriffs (D:7)
  A wraith (D:13)
  2 wyverns
  4 vampire mosquitoes (D:13)
  Menkaure (D:6)
  A soldier ant (D:11)
  A warg (Orc:2)
  A porcupine (D:10)
  An ice beast (D:7)
  4 sky beasts
  21 orc warriors
  A black bear (D:9)
  A phantom (D:6)
  4 ogres
  A centaur (D:14)
  2 gnoll sergeants
  7 bullfrogs
  A water moccasin zombie (D:6)
  10 killer bees
  3 wights (D:11)
  A howler monkey (D:5)
  A wasp zombie (D:9)
  6 orc wizards
  21 orc priests
  2 hounds
  2 jellies
  2 iguanas
  6 worker ants
  2 hound zombies (D:9)
  2 hound skeletons
  10 gnolls
  2 adders (D:9)
  A howler monkey skeleton (D:6)
  34 orcs
  A ball python (D:1)
  A goblin (D:2)
  A hobgoblin (D:3)
  2 frilled lizards
185 creatures vanquished.

Vanquished Creatures (others)
  A gnoll (D:9)
1 creature vanquished.

Grand Total: 186 creatures vanquished

Notes
Turn   | Place    | Note
-------+----------+-------------------------------------------
     0 | D:1      | 4thArraOfDagon the Deep Elf Fire Elementalist began the quest for the Orb.
     0 | D:1      | Reached XP level 1. HP: 10/10 MP: 6/6
   112 | D:1      | You fall through a shaft!
   112 | D:2      | Noticed Robin
   114 | D:2      | Noticed Jessica
   275 | D:4      | Noticed an orc wizard
   306 | D:5      | Entered Level 5 of the Dungeon
   306 | D:5      | Noticed a hound
   309 | D:4      | Noticed Grinder
   318 | D:5      | Killed a hound
   318 | D:5      | Reached XP level 2. HP: 13/15 MP: 8/8
   318 | D:5      | Reached XP level 3. HP: 16/19 MP: 8/10
   323 | D:5      | Learned a level 3 spell: Conjure Flame
   336 | D:5      | Learned a level 2 spell: Throw Flame
   416 | D:5      | Noticed a sky beast
   439 | D:5      | Reached XP level 4. HP: 15/24 MP: 9/11
   447 | D:5      | Learned a level 4 spell: Sticky Flame
   458 | D:6      | Noticed a sky beast
   458 | D:6      | Noticed a bullfrog
   466 | D:6      | Killed a bullfrog
   466 | D:6      | Reached XP level 5. HP: 19/28 MP: 8/13
   524 | D:6      | Killed a sky beast
   524 | D:6      | Reached skill level 5 in Fire Magic
   542 | D:5      | Noticed Sigmund
   570 | D:6      | Reached XP level 6. HP: 32/32 MP: 15/15
   596 | D:7      | Reached skill level 5 in Spellcasting
   662 | D:7      | Learned a level 5 spell: Fireball
   733 | D:7      | Noticed a hippogriff
   733 | D:7      | Noticed a hippogriff
   733 | D:7      | Noticed a sky beast
   743 | D:7      | Killed a sky beast
   746 | D:7      | HP: 1/32 [hippogriff (7)]
   749 | D:7      | Killed a hippogriff
   749 | D:7      | Reached skill level 5 in Conjurations
   749 | D:7      | Reached XP level 7. HP: 2/36 MP: 12/17
   757 | D:7      | Gained mutation: You are resistant to hostile enchantments. (MR+) [mutagenic meat]
   760 | D:7      | Gained mutation: You are robust. (+10% HP) [mutagenic meat]
   763 | D:7      | Gained mutation: You are partially covered in large bone plates. (SH +4) [mutagenic meat]
   766 | D:7      | Gained mutation: You are partially covered in iridescent scales. (AC +2) [mutagenic meat]
   772 | D:7      | Gained mutation: Potions and wands are less effective at restoring your health. [mutagenic meat]
   820 | D:7      | Killed a hippogriff
   956 | D:6      | Reached XP level 8. HP: 20/45 MP: 14/19
  1027 | D:6      | Noticed Menkaure
  1073 | D:7      | Found an opulent altar of Gozag.
  1086 | D:7      | Found a sparkling altar of Nemelex Xobeh.
  1086 | D:7      | Found a white marble altar of Elyvilon.
  1086 | D:7      | Found a radiant altar of Vehumet.
  1093 | D:7      | Became a worshipper of Vehumet
  1234 | D:6      | Killed Menkaure
  1473 | D:8      | Noticed an unseen horror
  1477 | D:8      | Killed an unseen horror
  1477 | D:8      | Reached XP level 9. HP: 39/49 MP: 22/22
  1696 | D:9      | Reached * piety under Vehumet
  1696 | D:9      | Offered knowledge of Sandblast by Vehumet.
  1698 | D:9      | Noticed Erolcha
  1714 | D:9      | Killed Erolcha
  1714 | D:9      | Reached skill level 10 in Fire Magic
  1825 | D:9      | Noticed a hill giant
  1895 | D:9      | Killed a hill giant
  1895 | D:9      | Reached XP level 10. HP: 28/55 MP: 10/25
  2026 | D:9      | Reached skill level 10 in Conjurations
  2049 | D:9      | Found a shattered altar of Ashenzari.
  2080 | D:10     | Entered Level 10 of the Dungeon
  2169 | D:10     | Found a staircase to the Lair.
  2277 | D:10     | Got a smoking granite ring
  2278 | D:10     | Identified the ring of the Exiled Deaths {rC+ MR+ Str+2} (You found it on level 10 of the Dungeon)
  2414 | D:13     | Reached ** piety under Vehumet
  2416 | D:13     | Offered knowledge of Shock by Vehumet.
  2476 | D:13     | Noticed a death knight
  2497 | D:13     | Killed a death knight
  2588 | D:14     | Reached skill level 10 in Spellcasting
  2728 | D:13     | Noticed a cyclops
  2764 | D:14     | Noticed a skeletal warrior
  2909 | D:11     | Noticed Erica
  2917 | D:11     | Killed Erica
  2917 | D:11     | Reached XP level 11. HP: 59/59 MP: 19/27
  2991 | D:11     | Offered knowledge of Stone Arrow by Vehumet.
  3125 | D:11     | Found a staircase to the Orcish Mines.
  3133 | Orc:1    | Entered Level 1 of the Orcish Mines
  3174 | Orc:1    | Upgraded the game from 0.19-a0-1704-gbd66c22 to 0.19-a0-1720-gc855d72
  3190 | Orc:1    | Reached *** piety under Vehumet
  3403 | Orc:1    | Found a roughly hewn altar of Beogh.
  3447 | Orc:2    | Entered Level 2 of the Orcish Mines
  3473 | Orc:2    | Learned a level 3 spell: Stone Arrow
  3491 | Orc:2    | Offered knowledge of Airstrike by Vehumet.
  3521 | Orc:2    | Found Izater's Weapon Boutique.
  3526 | Orc:2    | Noticed an orc knight
  3537 | Orc:2    | Killed an orc knight
  3554 | Orc:2    | Found a staircase to the Elven Halls.
  3695 | Orc:2    | Reached **** piety under Vehumet
  3711 | Orc:2    | Noticed an orc knight
  3713 | Orc:2    | Offered knowledge of Irradiate by Vehumet.
  3715 | Orc:2    | Killed an orc knight
  3795 | Orc:2    | Found Muedetos's Magic Scroll Boutique.
  3797 | Orc:2    | Found Reidumn's Food Shop.
  3827 | Orc:2    | Bought a scroll of fog for 32 gold pieces
  3847 | Orc:2    | Charly: trying to beat Purple?
  3923 | Orc:2    | 4thArraOfDagon: hi, well wanna try what is possible with caster
  3931 | Orc:2    | Noticed a soul eater
  3932 | Orc:2    | 4thArraOfDagon: i dont quite understand why he was so fast
  3932 | Orc:2    | Charly: a lot for sure
  3945 | Orc:2    | Charly: did you see extended?
  3964 | Orc:2    | Charly: 4.8 k with ascension?!
  3965 | Orc:2    | Noticed an orc high priest
  3966 | Orc:2    | Noticed an orc knight
  3974 | Orc:2    | Killed an orc high priest
  3978 | Orc:2    | Charly: thats just some crazy rng, especailly that he didnt have passive mapping
  3979 | Orc:2    | Killed a soul eater
  4018 | Orc:2    | Killed an orc knight
  4111 | Orc:2    | Noticed an orc sorcerer
  4114 | Orc:2    | Killed an orc sorcerer
  4126 | Orc:2    | Slain by an orc warrior

Vault maps used:
D:1:      minmay_arrival_widening_spiral_narrow
D:2:      first_bread, kennysheep_boxes, uniq_robin, uniq_natasha, uniq_jessica
D:3:      lemuel_doored_altar, small_statue_alley_b
D:4:      lemuel_round_altar, hangedman_decor_peaks_small, uniq_eustachio,
          uniq_pikel, uniq_grinder
D:5:      grunt_ministairs_6, uniq_sigmund, uniq_duvessa, uniq_blork_the_orc
D:6:      uniq_edmund, uniq_menkaure
D:7:      minitemple
D:8:      statuecave_lemuel, hangedman_misty_isle
D:9:      basic_altar, nicolae_ashenzari_panopticon, uniq_erolcha
D:10:     lemuel_ice_spiral_2, dpeg_lair_monsters, uniq_fannar
D:11:     orc_0_dummy, uniq_erica
D:13:     david_vaults_5, grunt_ogre_cave
D:14:     minmay_curled_crystal, eino_house_with_fridge
Orc:1:    serial_shops, shop, basic_altar
Orc:2:    pf_orc_diabolical, serial_shops, shop, basic_altar

Skill      XL: |  1  2  3  4  5  6  7  8  9 10 11 |
---------------+----------------------------------+-----
Conjurations   | 2 3 4 5 6 8 9 11 13 | 13.2
Fire Magic     | 4 5 6 7 9 10 12 13 | 13.4
Spellcasting   | 4 5 6 7 9 10 11 | 11.6
Dodging        | |  2.4
Stealth        | |  2.4

Action                   |  1- 3 |  4- 6 |  7- 9 | 10-12 || total
-------------------------+-------+-------+-------+-------++-------
Melee: Staff             |       |     3 |     2 |    39 ||    44
 Cast: Flame Tongue      |    24 |    17 |    89 |    45 ||   175
       Throw Flame       |     2 |     4 |     4 |     1 ||    11
       Conjure Flame     |     1 |     3 |    10 |    11 ||    25
       Sticky Flame      |       |     7 |    17 |    38 ||    62
       Fireball          |       |       |     5 |    83 ||    88
       Stone Arrow       |       |       |       |     3 ||     3
Evoke: Wand              |       |       |     3 |     5 ||     8
       Phantom mirror    |       |       |       |     1 ||     1
  Use: Potion            |     1 |       |     1 |     2 ||     4
       Scroll            |     1 |     2 |     2 |     4 ||     9
  Eat: Chunk             |       |       |    11 |    19 ||    30
       Royal jelly       |       |       |     1 |       ||     1
       Beef jerky        |       |       |       |     1 ||     1
Armor: Robe              |     4 |     3 |    17 |    21 ||    45
       Skin              |       |       |     2 |       ||     2
Dodge: Dodged            |     6 |     8 |    46 |    54 ||   114
Block: Other             |       |       |    11 |    11 ||    22
